 Dungeon Crawl Stone Soup version 0.27-a0-562-g0d39f094a4 (webtiles) character file.

Game seed: 6501450546639900050

433 jestyr24 the Firebug (level 6, -8/46 HPs)
             Began as a Demonspawn Fire Elementalist on Mar 8, 2021.
             Killed from afar by an orc wizard (9 damage)
             ... with a magic dart
             ... on level 4 of the Dungeon.
             The game lasted 00:27:03 (5018 turns).

jestyr24 the Firebug (Demonspawn Fire Elementalist) Turns: 5018, Time: 00:27:03

Health: -8/46      AC:  2    Str:  8    XL:     6   Next: 67%
Magic:  6/11       EV: 12    Int: 18    God:
Gold:   185        SH:  0    Dex: 14    Spells: 11/12 levels left

rFire    . . .     SeeInvis .   o - +2 whip (venom)
rCold    . . .     Faith    .   (no shield)
rNeg     . . .     Spirit   .   a - +0 robe
rPois    .         Reflect  .   (no helmet)
rElec    .         Harm     .   (no cloak)
rCorr    .         Rampage  .   (no gloves)
Will     .....                  (no boots)
Stlth    +.........             (no amulet)
HPRegen  0.15/turn              (no ring)
MPRegen  0.12/turn              (no ring)

@: confused
A: claws 1, demonic guardian 1, icemail 1, condensation shield
a: no special abilities


You were on level 4 of the Dungeon.
You visited 1 branch of the dungeon, and saw 4 of its levels.

You collected 185 gold pieces.

Inventory:

Hand Weapons
 o - a +2 whip of venom (weapon)
 q - a +0 battleaxe
 u - a +1 dagger of speed
Missiles
 g - 6 javelins
 p - 6 curare-tipped darts
 w - 3 boomerangs
Armour
 a - a +0 robe (worn)
 f - a +1 leather armour of cold resistance
Wands
 m - a wand of iceblast (6)
Scrolls
 d - a scroll of teleportation {unknown}
 e - 5 scrolls of identify {unknown}
 h - 2 scrolls of enchant weapon {unknown}
 i - 2 scrolls of enchant armour {unknown}
 j - 2 scrolls of random uselessness {unknown}
 l - a scroll of fear {unknown}
 s - a scroll of amnesia {unknown}
 t - a scroll of blinking {unknown}
 v - a scroll of immolation {unknown}
Potions
 b - 2 potions of mutation {unknown}
 c - 4 potions of flight {unknown}
 k - a potion of might {unknown}
 n - 2 potions of curing {unknown}
 r - a potion of lignification {unknown}


   Skills:
 * Level 2.5 Fighting
 + Level 2.4 Dodging
 + Level 3.0 Stealth
 + Level 3.7 Spellcasting
 + Level 2.8 Conjurations
 + Level 3.9 Fire Magic


You had 11 spell levels left.
You knew the following spells:

 Your Spells              Type           Power      Damage    Failure   Level
a - Foxfire               Conj/Fire      60%        2x1d7     3%          1

Your spell library contained the following spells:

 Spells                   Type           Power      Damage    Failure   Level
 Conjure Flame            Conj/Fire      15%        6-21      12%         3
 Inner Flame              Hex/Fire       10%        N/A       21%         3
 Sticky Flame             Conj/Fire      15%        2d4       36%         4
 Fireball                 Conj/Fire      7%         3d5       71%         5


Dungeon Overview and Level Annotations

Branches:
Dungeon (4/15)
 Temple: D:4-7

Altars:
Xom


Innate Abilities, Weirdness & Mutations

You have sharp fingernails.
A weak demonic guardian rushes to your aid.
A meltable icy envelope protects you from harm. (AC +0)
A meltable shield of frost defends you. (SH +0)


Message History

You are confused.
You're too confused to cast spells.
Sorry, you're not good enough to have a special ability.
You closely miss something.
You hear some strange, mumbled words.
You are more confused.
You bump into the rock wall.
You hear some strange, mumbled words.
A puff of flame appears from out of thin air!
The puff of flame hits you!
Your icy defenses dissipate!
You hear some strange, mumbled words.
You are more confused.
Items here: )) [ ††.
You hear some strange, mumbled words.
A magic dart appears from out of thin air!
The magic dart hits you!
You hear some strange, mumbled words.
A magic dart appears from out of thin air!
The magic dart hits you.
Items here: )) [ ††.
You completely miss something. Something hits you but does no damage.
You hear some strange, mumbled words.
A magic dart appears from out of thin air!
The magic dart hits you!
* * * LOW HITPOINT WARNING * * *
You're too confused to cast spells.
Sorry, you're not good enough to have a special ability.
You're too confused to move!
Something hits you but does no damage.
You closely miss something.
You hear some strange, mumbled words.
A puff of flame appears from out of thin air!
The puff of flame hits you!
* * * LOW HITPOINT WARNING * * *
A demonic guardian appears!
You hit something but do no damage.
You hear some strange, mumbled words.
A magic dart appears from out of thin air!
The magic dart hits you!
You die...

##.......# ##..♣.....# ##
#....).>..# #.
#...♣.....# #.
#.........# #.
#.....♣..######## ##
#....)..# #.....#
###....)#####.....# ####
#......{@.....(...# #...
#.................####...
#.....5..................
#........................
#.......#########....#...
#.......# #....#...
##......# #....#...
#......# ###.#####
#......# #.....#


You could see a friendly iron imp (summoned).

Vanquished Creatures
  Sigmund (D:4)
  A scorpion (D:4)
  Ijyb (D:3)
  An orc wizard (D:4)
  A worker ant (D:4)
  2 gnolls (D:3)
  4 adders
  An ooze (D:2)
  2 worms (D:2)
  A leopard gecko (D:1)
  3 orcs (D:4)
  4 giant cockroaches
  12 goblins
  6 hobgoblins
  5 kobolds
  A quokka (D:3)
  A ball python (D:2)
  9 bats
  4 frilled lizards
  10 rats
70 creatures vanquished.

Vanquished Creatures (collateral kills)
  A gnoll (D:3)
  An adder (D:3)
2 creatures vanquished.

Vanquished Creatures (others)
  186 foxfires
186 creatures vanquished.

Grand Total: 258 creatures vanquished

Notes
Turn   | Place    | Note
-------+----------+-------------------------------------------
     0 | D:1      | jestyr24 the Demonspawn Fire Elementalist began the quest
                  | for the Orb.
     0 | D:1      | Reached XP level 1. HP: 13/13 MP: 3/3
   461 | D:1      | Gained mutation: You have sharp fingernails. [demonic
                  | ancestry]
   461 | D:1      | Reached XP level 2. HP: 19/19 MP: 3/5
  1916 | D:2      | Gained mutation: A weak demonic guardian rushes to your
                  | aid. [demonic ancestry]
  1916 | D:2      | Reached XP level 3. HP: 20/25 MP: 2/6
  2194 | D:2      | Reached skill level 1 in Fighting
  2399 | D:2      | Reached XP level 4. HP: 28/32 MP: 3/7
  2512 | D:2      | Found a shimmering altar of Xom.
  3485 | D:3      | Noticed Ijyb
  3495 | D:3      | Killed Ijyb
  3648 | D:3      | Gained mutation: A meltable shield of frost defends you.
                  | (SH +0) [demonic ancestry]
  3648 | D:3      | Reached XP level 5. HP: 29/37 MP: 1/9
  4350 | D:4      | Noticed Sigmund
  4376 | D:4      | Killed Sigmund
  4377 | D:4      | Gained mutation: A meltable icy envelope protects you from
                  | harm. (AC +0) [demonic ancestry]
  4377 | D:4      | Reached XP level 6. HP: 28/45 MP: 1/11
  5017 | D:4      | HP: 1/46 [something/puff of flame (10)]
  5018 | D:4      | Killed from afar by an orc wizard

Illustrated notes

Levels and vault maps discovered:
D:1:      shiori_shiawase, layout_loops_corners
D:2:      layout_loops_ring, serial_rivers, chequers_serial_rivers_large_a,
          chequers_serial_rivers_small_b, chequers_serial_rivers_micro_e,
          chequers_serial_rivers_room_a, chequers_serial_rivers_small_a,
          chequers_serial_rivers_large_b, xom_teletrap_fun
D:3:      layout_rooms, uniq_ijyb
D:4:      layout_basic, hangedman_decor_peaks_small, grunt_ministairs_9,
          minmay_misc_feat_rows, uniq_sigmund

Skill      XL: |  1  2  3  4  5  6 |
---------------+-------------------+-----
Dodging        | 2 |  2.4
Fire Magic     | 3 |  3.9
Stealth        | 2 3 |  3.0
Fighting       | 1 2 |  2.5
Spellcasting   | 3 |  3.7
Conjurations   | 2 |  2.8

Action                   |  1- 3 |  4- 6 || total
-------------------------+-------+-------++-------
Melee: Unarmed           |    69 |    18 ||    87
       Club              |     5 |       ||     5
       Whip              |       |    35 ||    35
 Cast: Foxfire           |    50 |    55 ||   105
 Stab: Sleeping          |     3 |       ||     3
Armor: Robe              |    15 |    16 ||    31
Dodge: Dodged            |    48 |    35 ||    83
Block: Other             |       |     6 ||     6

Table legend: (Time is in decaauts)
 A = Elapsed time spent in this place.
 B = Non-inter-level travel time spent in this place.
 C = Inter-level travel time spent in this place.
 D = Time resting spent in this place.
 E = Time spent auto-exploring this place.
 F = Levels seen in this place.
 G = Mean time per level.
                   A        B        C        D        E       F      G
               +--------+--------+--------+--------+--------+-----+--------+
         Total |   5077 |   5003 |     74 |   1648 |   2077 |   4 | 1269.2 |
       Dungeon |   5077 |   5003 |     74 |   1648 |   2077 |   4 | 1269.2 |
               +--------+--------+--------+--------+--------+-----+--------+

Top non-repeatable levels by time:
     D:1: 1879 daAuts
     D:2: 1585 daAuts
     D:3: 884 daAuts
     D:4: 727 daAuts
